 Dungeon Crawl Stone Soup version 0.29-a0-490-g77b3608bb8 (webtiles) character file.

Game seed: 6942417171373436236

27 Hubjo the Firebug (level 2, 0/15 HPs)
             Began as a Deep Elf Fire Elementalist on May 26, 2022.
             Killed from afar by Sigmund (8 damage)
             ... with a puff of flame
             ... on level 2 of the Dungeon.
             The game lasted 00:01:50 (1686 turns).

Hubjo the Firebug (Deep Elf Fire Elementalist)      Turns: 1686, Time: 00:01:52

Health: 0/15       AC:  2    Str:  5    XL:     2   Next: 93%
Magic:  3/8        EV: 13    Int: 19    God:
Gold:   37         SH:  0    Dex: 15    Spells: 6/7 levels left

rFire   . . .      SeeInvis .   (no weapon)
rCold   . . .      Faith    .   (no shield)
rNeg    . . .      Spirit   .   a - +0 robe
rPois   .          Reflect  .   (no helmet)
rElec   .          Harm     .   (no cloak)
rCorr   .          Rampage  .   (no gloves)
Will    .....                   (no boots)
Stlth   ++........              (no amulet)
HPRegen 0.05/turn               (no ring)
MPRegen 0.11/turn               (no ring)

@: no status effects
A: no striking features
a: no special abilities


You were on level 2 of the Dungeon.
You visited 1 branch of the dungeon, and saw 2 of its levels.

You collected 37 gold pieces.

Inventory:

Armour
 a - a +0 robe (worn)
Scrolls
 c - a scroll of summoning {unknown}
 e - a scroll of enchant weapon {unknown}
 f - a scroll of teleportation {unknown}
 g - a scroll of amnesia {unknown}
Potions
 b - a potion of magic
 d - 2 potions of haste {unknown}


   Skills:
 * Level 0.0 Fighting
 - Level 2.8 Dodging
 + Level 2.9 Stealth
 + Level 3.4 Spellcasting
 - Level 1.6 Conjurations
 + Level 3.6 Fire Magic


You had 6 spell levels left.
You knew the following spells:

 Your Spells              Type           Power      Damage    Failure   Level
a - Foxfire               Conj/Fire      52%        2x1d6     4%          1

Your spell library contained the following spells:

 Spells                   Type           Power      Damage    Failure   Level
 Scorch                   Fire           34%        2d7       4%          2
 Conjure Flame            Conj/Fire      13%        6-21      14%         3
 Inner Flame              Hex/Fire       10%        N/A       21%         3
 Flame Wave               Conj/Fire      13%        2d6       43%         4


Dungeon Overview and Level Annotations

Branches:
Dungeon (2/15)

Altars:

Annotations:
D:2 Sigmund


Message History

You conjure some foxfire!
Your foxfire dissipates! x2
Done exploring.
You conjure some foxfire!
Your foxfire dissipates!
Your foxfire dissipates!
There is a stone staircase leading down here.
You climb downwards.
Found seven items.
There is a stone staircase leading up here.
You conjure some foxfire!
You conjure some foxfire!
The foxfire hits Sigmund.
Sigmund is lightly wounded.
Sigmund shouts!
The foxfire hits Sigmund.
Sigmund is moderately wounded.
Sigmund gestures at you while chanting. You resist with significant effort.
You hear a bark!
The kobold shouts!
The endoplasm quivers.
You hear a bark!
You conjure some foxfire!
The foxfire hits the kobold.
The kobold is severely wounded.
The foxfire hits the kobold.
You kill the kobold!
A kobold comes into view. It is wielding a +0 dagger.
You conjure some foxfire!
The foxfire hits Sigmund.
Sigmund is moderately wounded.
The foxfire hits Sigmund.
Sigmund is heavily wounded.
Sigmund casts a spell at you. The puff of flame hits you!
You conjure some foxfire!
The foxfire hits Sigmund.
Sigmund is heavily wounded.
The foxfire hits Sigmund.
Sigmund is severely wounded.
Sigmund points at you and mumbles some strange words.
The puff of flame hits you!
Ouch! That really hurt!
You die...

# # .#.##
.#########.$..#
..............#
......§§......#
^.....v@.@....#
......v§..)....
..=.....§......
............)..
!.K).J.........
...............
......[...####.
...?......#


You could see Sigmund (ally target), an endoplasm and a kobold.

Vanquished Creatures
  2 dart slugs (D:1)
  A bat (D:1)
  2 endoplasms (D:1)
  A goblin (D:1)
  3 hobgoblins (D:1)
  3 kobolds
  2 quokkas (D:1)
  A ball python (D:1)
  A frilled lizard (D:1)
  7 rats (D:1)
23 creatures vanquished.

Vanquished Creatures (others)
  143 foxfires
143 creatures vanquished.

Grand Total: 166 creatures vanquished

Notes
Turn   | Place    | Note
-------+----------+-------------------------------------------
     0 | D:1      | Hubjo the Deep Elf Fire Elementalist began the quest for
                  | the Orb.
     0 | D:1      | Reached XP level 1. HP: 10/10 MP: 6/6
   539 | D:1      | Reached XP level 2. HP: 15/15 MP: 4/8
  1681 | D:2      | Noticed Sigmund
  1686 | D:2      | Killed from afar by Sigmund

Illustrated notes

Levels and vault maps discovered:
D:1:      dpeg_arrival_ratfight, layout_loops_corners,
          hangedman_abyss_or_decor_lesser_grid, st_stairs_2
D:2:      layout_basic, uniq_natasha, uniq_sigmund

Action                   || total
-------------------------++-------
 Cast: Foxfire           ||    89
Dodge: Dodged            ||     4

Table legend: (Time is in decaauts)
 A = Elapsed time spent in this place.
 B = Non-inter-level travel time spent in this place.
 C = Inter-level travel time spent in this place.
 D = Time resting spent in this place.
 E = Time spent auto-exploring this place.
 F = Levels seen in this place.
 G = Mean time per level.
                   A        B        C        D        E       F      G
               +--------+--------+--------+--------+--------+-----+--------+
         Total |   1685 |   1685 |      0 |      0 |   1521 |   2 |  842.5 |
       Dungeon |   1685 |   1685 |      0 |      0 |   1521 |   2 |  842.5 |
               +--------+--------+--------+--------+--------+-----+--------+

Top non-repeatable levels by time:
     D:1: 1681 daAuts
     D:2: 4 daAuts
